cohdb
Replays
Latest Replays
All Replays
Popular Replays
Top Player Replays
Match Explorer
How It Works
Community
CoH3 Stats
Reddit
Sign in to upload your games and track your stats! →
Sign in with Steam
Match 45955760
Unlisted
Match 45955760
Overview
Messages
Build Orders
End
Construct Barracks
Riflemen Squad
M1 Mortar Team
Riflemen Squad
Riflemen Squad
Infantry Support Center
M1918 Browning Automatic Rifles
Construct Motor Pool
M1 Mortar Team
Construct Medical Station
Construct Medical Station
M1 Anti-tank Gun Team
Kampfstärke
UMP45
Jeep
Max Emotional Damage
_Nemez_
Big Oil Robot
0
0
Comments
sign in to comment!
No comments posted yet!